 Seeded DCSS version 0.29-a0-553-g81b289dbe5 (webtiles) character file.

Game seed: 5197682552777129174 (custom seed)

8551 happo123 the Covert (level 11, -2/66 HPs)
             Began as a Kobold Enchanter on June 6, 2022.
             Was a Believer of Wu Jian.
             Slain by a polar bear (10 damage)
             ... in an ice cave on June 7, 2022.
             The game lasted 00:41:21 (11478 turns).

happo123 the Covert (Kobold Enchanter)             Turns: 11478, Time: 00:41:21

Health: -2/66      AC: 10    Str:  5    XL:     11   Next: 57%
Magic:  10/20      EV: 18    Int: 21    God:    Wu Jian [**....]
Gold:   355        SH:  0    Dex: 22    Spells: 14/22 levels left

rFire   . . .      SeeInvis .   D - +2 dagger (vamp)
rCold   . . .      Faith    .   g - orb {guile}
rNeg    . . .      Spirit   .   x - +0 acid dragon scales
rPois   .          Reflect  .   w - +0 helmet
rElec   .          Harm     .   (no cloak)
rCorr   +          Rampage  .   j - +0 pair of gloves
Will    .....                   F - +0 pair of boots
Stlth   +++++.....              h - amulet of magic regeneration
HPRegen 0.21/turn               J - ring of willpower
MPRegen 0.57/turn               y - +6 ring of dexterity

@: confusing by touch
A: small, no large weapons, nightstalker 3
a: Renounce Religion, Wall Jump


You were in an ice cave.
You worshipped Wu Jian.
Wu Jian was pleased with you.
You visited 2 branches of the dungeon, and saw 12 of its levels.
You also visited: Ice Cave.

You collected 505 gold pieces.
You spent 150 gold pieces at shops.

Inventory:

Hand Weapons
 B - a +3 dagger of venom
 D - a +2 vampiric dagger (weapon)
 O - the +2 rapier of Dadugac {freeze, rF+}
   (You found it on level 7 of the Dungeon)

   It freezes those it strikes, dealing additional cold damage.
   It can also slow down cold-blooded creatures.
   rF:        It protects you from fire.
 S - a +1 dagger of flaming
Missiles
 V - a throwing net
Armour
 b - a +0 robe
 g - an orb of guile (worn)
 j - a +0 pair of gloves (worn)
 w - a +0 helmet (worn)
 x - +0 acid dragon scales (worn)
 F - a +0 pair of boots (worn)
 M - a +2 buckler of protection
Jewellery
 h - an amulet of magic regeneration (around neck)
 o - a ring of flight
 y - a +6 ring of dexterity (right hand)
 J - a ring of willpower (left hand)
 K - a ring of see invisible
 R - an amulet of the acrobat
 U - a ring of fire
Wands
 f - a wand of flame (12)
 q - a wand of charming (8)
 C - a wand of iceblast (23)
 I - a wand of mindburst (16)
Scrolls
 d - 7 scrolls of teleportation {unknown}
 i - a scroll of blinking
 m - 2 scrolls of enchant weapon
 r - 2 scrolls of fear
 s - 4 scrolls of fog {unknown}
 t - 2 scrolls of enchant armour
 u - 4 scrolls of vulnerability
 H - a scroll of immolation
 L - a scroll of brand weapon
 N - 3 scrolls of summoning
 P - 2 scrolls of amnesia
 Q - a scroll of magic mapping
 X - a scroll of acquirement
Potions
 a - 2 potions of berserk rage {unknown}
 c - 3 potions of invisibility
 e - 2 potions of flight {unknown}
 k - 4 potions of heal wounds {unknown}
 l - a potion of resistance {unknown}
 n - 2 potions of lignification {unknown}
 p - 2 potions of degeneration {unknown}
 v - 3 potions of curing {unknown}
 z - 3 potions of haste {unknown}
 A - a potion of might {unknown}
 E - 2 potions of magic {unknown}
 G - a potion of cancellation {unknown}
 T - a potion of brilliance {unknown}
 W - a potion of ambrosia {unknown}


   Skills:
 + Level 6.5 Fighting
 + Level 7.7 Short Blades
 + Level 3.5 Armour
 + Level 7.5 Dodging
 + Level 9.4 Stealth
 + Level 6.3 Spellcasting
 * Level 9.1 Hexes
 + Level 5.2 Ice Magic


You had 14 spell levels left.
You knew the following spells:

 Your Spells              Type           Power      Damage    Failure   Level
a - Ensorcelled Hibernat  Hex/Ice        72%        N/A       1%          2
b - Confusing Touch       Hex            45%        N/A       1%          3
c - Tukima's Dance        Hex            45%        N/A       1%          3

Your spell library contained the following spells:

 Spells                   Type           Power      Damage    Failure   Level
 Dazzling Flash           Conj/Hex       50%        N/A       9%          3
 Beastly Appendage        Tmut           12%        N/A       19%         1
 Wereblood                Tmut           6%         N/A       28%         2
 Gell's Gravitas          Tloc           6%         N/A       50%         3
 Spider Form              Tmut/Pois      6%         N/A       50%         3
 Teleport Other           Tloc           6%         N/A       50%         3
 Dispersal                Tloc           3%         N/A       100%        6


Dungeon Overview and Level Annotations

Branches:
Dungeon (11/15)            Temple (1/1) D:7            Lair (0/6) D:10
    Orc (0/2) D:10          IceCv (1/1)

Altars:
Ashenzari
Cheibriados
Dithmenos
Elyvilon
Fedhas
Gozag
Hepliaklqana
Kikubaaqudgha
Makhleb
Nemelex Xobeh
Okawaru
Qazlal
Ru
Sif Muna
Trog
Uskayaw
Vehumet
Wu Jian
Xom
Yredelemnul
Zin
The Shining One

Shops:
D:2 =   D:6 =


Innate Abilities, Weirdness & Mutations

You are small and have problems with some larger weapons.
You are completely attuned to the shadows.


Message History

You puncture the rime drake!
The rime drake is moderately wounded.
The rime drake bites you but does no damage.
You hit the rime drake but do no damage.
The rime drake is moderately wounded.
The death yak gores the rime drake!
You hit the rime drake.
The rime drake is severely wounded.
Aiming: Ensorcelled Hibernation (safe; 1% risk of failure)
Press: ? - help, Q - select action, (/) - cycle Shift-Dir - straight line, f - death yak, p - death yak
Aim: a death yak (chance to affect: 64%)
The death yak looks drowsy...
The rime drake closely misses you.
The death yak gores the polar bear!
The rime drake misses you.
The helpless death yak fails to defend itself.
You perforate the death yak like a sieve!!!!
You kill the death yak!
The Council accepts your kill.
Aiming: Ensorcelled Hibernation (safe; 1% risk of failure)
Press: ? - help, Q - select action, (/) - cycle Shift-Dir - straight line, f - polar bear
Aim: a polar bear (lightly wounded, not susceptible)
Okay, then.
Casting: Ensorcelled Hibernation (safe; 1% risk of failure)
Confirm with . or Enter, or press ? or * to list all spells.
Your hands begin to glow red.
The polar bear bites you but does no damage.
The polar bear completely misses you. The polar bear closely misses you.
You completely miss the polar bear.
The polar bear is lightly wounded.
The polar bear bites you!
* * * LOW HITPOINT WARNING * * *
The polar bear claws you.
* * * LOW HITPOINT WARNING * * *
The polar bear misses you.
You hit the polar bear but do no damage.
The polar bear is lightly wounded.
You hit the polar bear but do no damage.
The polar bear is lightly wounded.
The polar bear bites you!
You die...

##.....##
##...##
##...#
#...##
#...##
##..k##
##...#
##..#
##†@##
#.h##
##.Y##
#....#
..........
..........
...#......
....###...


You could see a death yak (confused), a polar bear and a rime drake (confused).

Vanquished Creatures
  A two-headed ogre (D:8)
  A death yak (IceCv)
  Maggie (D:6)
  2 rime drakes (D:11)
  3 wraiths (D:9)
  2 vampires (D:9)
  A wyvern (D:10)
  2 humans (D:10)
  9 yaks
  2 steam dragons
  The ghost of Sweetruy1997 the Slasher, an amateur DsCK of Xom (D:3)
  Duvessa (D:4)
  A water moccasin (D:8)
  3 orc warriors
  3 centaurs
  5 ice beasts
  A sky beast (D:7)
  3 wolves (IceCv)
  An ogre (D:6)
  4 kobold brigands
  3 necrophages
  3 bullfrogs
  2 gnoll sergeants
  3 scorpions
  Dowan (D:4)
  3 jellies
  6 orc priests
  2 hounds
  A gnoll shaman (D:6)
  Ijyb (D:4)
  4 iguanas
  9 orc wizards
  A scorpion zombie (D:3)
  Robin (D:3)
  18 gnolls
  7 adders
  3 worms
  2 dart slugs
  28 orcs
  2 ball pythons (D:4)
  7 endoplasms
  2 giant cockroaches
  11 goblins
  6 hobgoblins
  4 jackals (D:3)
  2 quokkas
  A ball python zombie (D:3)
  4 frilled lizards
  25 kobolds
  A quokka zombie (D:3)
  3 rats
  A butterfly (D:7)
214 creatures vanquished.

Vanquished Creatures (collateral kills)
  A gnoll sergeant (D:10)
  3 gnolls
4 creatures vanquished.

Vanquished Creatures (others)
  2 dancing weapons
  An orc wizard (D:5)
3 creatures vanquished.

Grand Total: 221 creatures vanquished

Notes
Turn   | Place    | Note
-------+----------+-------------------------------------------
     0 | D:1      | happo123 the Kobold Enchanter began the quest for the Orb.
     0 | D:1      | Reached XP level 1. HP: 10/10 MP: 3/3
   572 | D:1      | Reached XP level 2. HP: 15/15 MP: 5/5
   580 | D:1      | Learned a level 2 spell: Ensorcelled Hibernation
   903 | D:2      | Reached XP level 3. HP: 20/20 MP: 6/6
   907 | D:2      | Learned a level 3 spell: Confusing Touch
  1078 | D:2      | Reached skill level 1 in Fighting
  1710 | D:2      | Found Joajunuw's Jewellery Shoppe.
  2121 | D:3      | Found a radiant altar of Vehumet.
  2229 | D:3      | Reached XP level 4. HP: 21/25 MP: 2/7
  2233 | D:3      | Learned a level 3 spell: Tukima's Dance
  2367 | D:3      | Found a basalt altar of Yredelemnul.
  2820 | D:3      | Noticed Robin
  2842 | D:3      | Killed Robin
  2843 | D:3      | Reached XP level 5. HP: 14/29 MP: 3/9
  3149 | D:3      | Found a faded altar of an unknown god.
  3328 | D:3      | Found a runed translucent door.
  3335 | D:3      | Noticed Sweetruy1997's ghost (amateur DsCK)
  3351 | D:3      | Killed Sweetruy1997's ghost
  3352 | D:3      | Reached skill level 5 in Stealth
  3352 | D:3      | Reached XP level 6. HP: 30/35 MP: 10/10
  4240 | D:4      | Reached XP level 7. HP: 40/40 MP: 11/11
  4685 | D:4      | Noticed Dowan
  4692 | D:4      | Noticed Duvessa
  4700 | D:4      | Killed Duvessa
  4701 | D:4      | Reached skill level 5 in Hexes
  4703 | D:4      | Killed Dowan
  4704 | D:4      | Reached skill level 1 in Ice Magic
  4903 | D:4      | Noticed Ijyb
  4907 | D:4      | Killed Ijyb
  5133 | D:5      | Entered Level 5 of the Dungeon
  5162 | D:5      | Reached XP level 8. HP: 46/46 MP: 11/13
  5227 | D:5      | Found an iron altar of Okawaru.
  5404 | D:5      | Found a shimmering altar of Xom.
  5981 | D:6      | Noticed Maggie
  5986 | D:6      | Killed Maggie
  5987 | D:6      | Reached skill level 5 in Short Blades
  5987 | D:6      | Reached skill level 5 in Dodging
  5987 | D:6      | Reached XP level 9. HP: 52/52 MP: 15/15
  6494 | D:6      | Reached skill level 1 in Armour
  6579 | D:6      | Found Qaost's Jewellery Shoppe.
  6591 | D:6      | Bought a ring of see invisible for 150 gold pieces
  6729 | D:7      | Found an ornate altar of the Wu Jian Council.
  6734 | D:7      | Became a worshipper of the Wu Jian Council
  7132 | D:7      | Reached XP level 10. HP: 58/58 MP: 11/17
  7236 | D:7      | Found a white marble altar of Elyvilon.
  7236 | D:7      | Found a glowing golden altar of the Shining One.
  7239 | D:7      | Found a glowing silver altar of Zin.
  7286 | D:7      | Found a staircase to the Ecumenical Temple.
  7293 | Temple   | Entered the Ecumenical Temple
  7619 | D:7      | Found an ornate altar of the Wu Jian Council.
  7674 | D:7      | Reached * piety under Wu Jian
  7675 | D:7      | Reached skill level 5 in Spellcasting
  7689 | D:7      | Reached skill level 5 in Fighting
  7765 | D:7      | Found a broken altar of Ashenzari.
  7768 | D:7      | Identified the +2 rapier of Dadugac {freeze, rF+}
  7859 | D:6      | Found a snail-covered altar of Cheibriados.
  7859 | D:6      | Found a bloodstained altar of Trog.
  8046 | D:8      | Noticed a two-headed ogre
  8049 | D:8      | Killed a two-headed ogre
  9161 | D:9      | Reached ** piety under Wu Jian
  9732 | D:9      | Found a sparkling altar of Nemelex Xobeh.
  9840 | D:9      | Reached XP level 11. HP: 24/64 MP: 17/19
 10004 | D:9      | Found a shadowy altar of Dithmenos.
 10268 | D:10     | Entered Level 10 of the Dungeon
 10435 | D:10     | Found a staircase to the Orcish Mines.
 10547 | D:10     | Identified the +4 long sword of the Blushing Vulture
                  | {vorpal, rPois}
 10771 | D:10     | Identified a scroll of acquirement
 10944 | D:10     | Found a staircase to the Lair.
 11398 | D:11     | Found a frozen archway.
 11401 | D:11     | Reached skill level 5 in Ice Magic
 11410 | IceCv    | Entered an ice cave
 11453 | IceCv    | Noticed a death yak
 11457 | IceCv    | Noticed a death yak
 11474 | IceCv    | Killed a death yak
 11478 | IceCv    | Slain by a polar bear

Illustrated notes

Levels and vault maps discovered:
D:1:      dpeg_arrival_oval, layout_basic, chequers_serial_rivers_micro_c
D:2:      layout_basic, serial_shops,
          nicolae_shop_temple_entry_statues_fountains
D:3:      layout_basic, nicolae_vehumet_radiance,
          nicolae_yredelemnul_corpse_copse, ebering_ghost_reflecting_pool,
          dreamdust_ecumenical_altar_angels_and_demons,
          minmay_stone_trees_medium, uniq_robin
D:4:      layout_gridville, uniq_duvessa, uniq_ijyb
D:5:      layout_cave_pools, mainiacjoe_overflow_boulevard,
          kennysheep_okawaru_gauntlet
D:6:      layout_rooms, nicolae_overflow_hidden_temple, serial_shops,
          nicolae_square_shop, uniq_maggie
D:7:      layout_rooms, dreamdust_divine_triumvirate,
          lemuel_coloured_pillars_altar, minmay_temple_entry_butterflies,
          kennysheep_minor_cross, hangedman_feature_mirror
D:8:      layout_basic
D:9:      layout_loops_ring, nemelex_spade_bored_becter, lemuel_round_altar
D:10:     nicolae_cairo_tiling, layout_layer_cave, minmay_ruffians
D:11:     layout_cave_pods, serial_ice, serial_ice_m, serial_ice_c,
          serial_ice_n, serial_ice_f, portal_ice_cave_rime, uniq_josephine
Temple:   jpeg_temple_alley_garden
IceCv:    ice_cave_small_giant

Skill      XL: |  1  2  3  4  5  6  7  8  9 10 11 |
---------------+----------------------------------+-----
Fighting       | 1 2 3 4 5 6 |  6.5
Short Blades   | 2 3 4 5 6 7 |  7.7
Dodging        | 3 4 5 6 7 |  7.5
Stealth        | 5 6 7 8 9 |  9.4
Spellcasting   | 3 4 5 6 |  6.3
Hexes          | 4 5 6 7 8 9 |  9.1
Ice Magic      | 1 2 3 4 5 |  5.2
Armour         | 1 2 3 |  3.5

Action                   |  1- 3 |  4- 6 |  7- 9 | 10-12 || total
-------------------------+-------+-------+-------+-------++-------
Melee: Dagger            |    60 |    91 |   128 |    68 ||   347
       Rapier            |       |       |       |   114 ||   114
 Cast: Ensorcelled Hiber |    19 |    33 |    74 |    44 ||   170
       Confusing Touch   |       |     4 |     7 |    10 ||    21
       Tukima's Dance    |       |       |     3 |     1 ||     4
Invok: Lunge             |       |       |    13 |    27 ||    40
       Whirlwind         |       |       |       |    30 ||    30
  Use: Scroll            |       |       |     6 |     7 ||    13
 Stab: Sleeping          |    13 |    37 |    62 |    50 ||   162
       Confused          |       |     3 |     5 |    12 ||    20
       Distracted        |       |       |     1 |     2 ||     3
Armor: Robe              |     7 |     7 |     6 |       ||    20
       Acid dragon scale |       |       |    16 |    20 ||    36
Dodge: Dodged            |    47 |    44 |    75 |   105 ||   271

Table legend: (Time is in decaauts)
 A = Elapsed time spent in this place.
 B = Non-inter-level travel time spent in this place.
 C = Inter-level travel time spent in this place.
 D = Time resting spent in this place.
 E = Time spent auto-exploring this place.
 F = Levels seen in this place.
 G = Mean time per level.
                   A        B        C        D        E       F      G
               +--------+--------+--------+--------+--------+-----+--------+
         Total |  11406 |  10671 |    735 |    150 |   8941 |  13 |  877.4 |
       Dungeon |  11036 |  10358 |    678 |    145 |   8693 |  11 | 1003.3 |
        Temple |    311 |    254 |     57 |      0 |    248 |   1 |  311.0 |
      Ice Cave |     58 |     58 |      0 |      5 |      0 |   1 |   58.0 |
               +--------+--------+--------+--------+--------+-----+--------+

Top non-repeatable levels by time:
     D:3: 1786 daAuts
     D:2: 1427 daAuts
     D:9: 1303 daAuts
     D:4: 1230 daAuts
     D:8: 1110 daAuts
    D:10: 1072 daAuts
     D:7: 812 daAuts
     D:5: 810 daAuts
     D:6: 763 daAuts
     D:1: 696 daAuts
  Temple: 311 daAuts
   IceCv: 58 daAuts
    D:11: 21 daAuts
